 Dungeon Crawl Stone Soup version 0.24.0-125-gc4c63601f3 (webtiles) character file.

Game seed: 2680656963429749800, levelgen mode: deterministic

34083 Amplified the Timeless (level 14, -4/113 HPs)
             Began as a Formicid Earth Elementalist on Mar 18, 2020.
             Was a High Priest of Cheibriados.
             Slain by an eight-headed hydra (9 damage)
             ... on level 5 of the Lair of Beasts.
             The game lasted 00:32:51 (17203 turns).

Amplified the Timeless (FoEE)                      Turns: 17203, Time: 00:32:52

Health: -4/113     AC: 13    Str: 31    XL:     14   Next: 11%
Magic:  18/23      EV: 14    Int: 30    God:    Cheibriados [*****.]
Gold:   341        SH: 15    Dex: 25    Spells: 3/17 levels left

rFire    + . .     SeeInvis +   D - +2 demon trident (venom)
rCold    . . .     Gourm    .   t - +1 shield
rNeg     . . .     Faith    .   i - +3 leather armour {rPois}
rPois    +         Spirit   .   (helmet unavailable)
rElec    .         Reflect  .   g - +2 cloak
rCorr    .         Harm     .   c - +2 pair of gloves
MR       +....                  (no boots)
Stlth    +++.......             A - amulet of regeneration
HPRegen  0.68/turn              h - ring of protection from fire
MPRegen  0.18/turn              k - +4 ring of slaying

@: studying Charms, very slow
A: permanent stasis, dig shafts and tunnels, four strong arms, antennae 3
a: Dig, Shaft Self, Bend Time, Temporal Distortion, Slouch, Step From Time,
Renounce Religion


You were on level 5 of the Lair of Beasts.
You worshipped Cheibriados.
Cheibriados was extremely pleased with you.
You were not hungry.

You visited 3 branches of the dungeon, and saw 19 of its levels.

You collected 1909 gold pieces.
You spent 1568 gold pieces at shops.

Inventory:

Hand Weapons
 m - a +2 lajatang of slicing
 D - a +2 demon trident of venom (weapon)
Missiles
 b - 441 stones (quivered)
 f - 76 poisoned darts
 j - a throwing net
 J - 3 curare-tipped darts
 P - 7 silver javelins
Armour
 c - a +2 pair of gloves (worn)
 e - a scarf of spirit shield
 g - a +2 cloak (worn)
 i - a +3 leather armour of poison resistance (worn)
 t - a +1 shield (worn)
 H - +0 steam dragon scales
Jewellery
 a - an uncursed ring of stealth
 h - a ring of protection from fire (left hand)
 k - a +4 ring of slaying (right hand)
 A - an amulet of regeneration (around neck)
Wands
 n - a wand of scattershot (1)
 B - a wand of digging (6)
 I - a wand of disintegration (12)
 N - a wand of acid (8)
 O - a wand of flame (12)
Scrolls
 o - 3 scrolls of amnesia
 q - a scroll of vulnerability
 w - 2 scrolls of fog
 x - 6 scrolls of identify
 y - 2 scrolls of fear
 E - 4 scrolls of summoning
 M - a scroll of remove curse
 Q - a scroll of magic mapping
Potions
 l - 5 potions of curing
 p - a potion of cancellation
 r - 3 potions of brilliance
 s - 3 potions of flight
 u - a potion of ambrosia
 v - 2 potions of heal wounds
 C - 2 potions of magic
 F - 3 potions of agility
 L - 2 potions of might
Books
 K - a manual of Charms
Miscellaneous
 G - a phial of floods
Comestibles
 d - 26 rations


   Skills:
 * Level 11.5 Fighting
 - Level 1.8(6.8) Polearms
 * Level 10.3(10.4) Staves
 - Level 7.3 Armour
 * Level 2.8 Dodging
 - Level 2.4 Stealth
 - Level 9.4 Shields
 - Level 2.4 Spellcasting
 * Level 8.4 Charms
 - Level 1.1 Transmutations
 - Level 10.1 Earth Magic
 * Level 12.2 Invocations


You had 3 spell levels left.
You knew the following spells:

 Your Spells              Type           Power        Failure   Level  Hunger
a - Lee's Rapid Deconstr  Erth           ######....   3%          5    ######.
b - Passwall              Tmut/Erth      #####...     1%          2    ##.....
c - Stone Arrow           Conj/Erth      ####..       3%          3    ###....
d - Petrify               Tmut/Erth      #####...     9%          4    ####...

Your spell library contained the following spells:

 Spells                   Type           Power        Failure   Level  Hunger
 Sandblast                Erth           ######       1%          1    None
 Beastly Appendage        Tmut           ##....       5%          1    None
 Sticks to Snakes         Tmut           ##......     8%          2    ##.....
 Animate Skeleton         Necr           N/A          9%          1    None
 Apportation              Tloc           #.....       9%          1    None
 Confusing Touch          Hex            #.....       9%          1    None
 Corona                   Hex            #......      9%          1    None
 Flame Tongue             Conj/Fire      #....        9%          1    None
 Summon Small Mammal      Summ           #...         9%          1    None
 Ensorcelled Hibernation  Hex/Ice        #.....       12%         2    ##.....
 Poisonous Vapours        Pois/Air       #.....       12%         2    ##.....
 Throw Flame              Conj/Fire      #.....       12%         2    ##.....
 Spider Form              Tmut/Pois      #.........   21%         3    ###....
 Confuse                  Hex            #.......     24%         3    ###....
 Conjure Flame            Conj/Fire      #.......     24%         3    ###....
 Dazzling Spray           Conj/Hex       #.....       24%         3    ###....
 Inner Flame              Hex/Fire       #.......     24%         3    ###....
 Mephitic Cloud           Conj/Pois/Air  #.......     24%         3    ###....
 Tukima's Dance           Hex            #.......     24%         3    ###....
 Ice Form                 Ice/Tmut       #.......     54%         4    ####...
 Sticky Flame             Conj/Fire      #.......     63%         4    ####...
 Blade Hands              Tmut           ##........   82%         5    ######.
 Fireball                 Conj/Fire      #.........   92%         5    ######.
 Freezing Cloud           Conj/Ice/Air   #.........   100%        6    #######
 Ring of Flames           Chrm/Fire      ####......   100%        7    #######


Dungeon Overview and Level Annotations

Branches:
Dungeon (12/15)              Lair (5/6) D:9           Swamp (0/4) Lair:3
  Snake (0/4) Lair:4          Orc (2/2) D:10            Elf (0/3) Orc:2
 Temple: D:4-7        Slime: Lair:5-6

Altars:
Cheibriados
Elyvilon
Fedhas
Kikubaaqudgha
Qazlal
Uskayaw
Vehumet
Xom
The Shining One
Beogh

Shops:
D:6 *   D:9 %[!([=   Orc:2 (??*

Annotations:
D:7 Joseph
D:9 Get slaying and fast two-hander


Innate Abilities, Weirdness & Mutations

You cannot be hasted, slowed, berserked, paralysed or teleported.
You can dig through walls and to a lower floor.
Your four strong arms can wield two-handed weapons with a shield.
You have a pair of large antennae on your head. (SInv)


Message History

The eight-headed hydra bites you!
* * * LOW HITPOINT WARNING * * *
You block the eight-headed hydra's attack.
The eight-headed hydra closely misses you.
The eight-headed hydra barely misses you.
Unknown command.
Unknown command.
You barely miss the eight-headed hydra.
The eight-headed hydra is almost dead.
You block the eight-headed hydra's attack.
The eight-headed hydra bites you but does no damage.
The eight-headed hydra bites you.
* * * LOW HITPOINT WARNING * * *
The eight-headed hydra bites you.
* * * LOW HITPOINT WARNING * * *
The eight-headed hydra bites you.
* * * LOW HITPOINT WARNING * * *
The eight-headed hydra bites you but does no damage.
The eight-headed hydra bites you!
You die...

## #...# ........ .
.. #.#...# #P.# ...
#....# ..###.#
#.#..### #..#..P
#..#..# #.#....
#....P# #.....#
##D...# #.....#
#@....### ##......
#####...###.....>.
#.......##.##....
............##...##
.....###+#.###.....
..#.. ....##.+#.#
..... #.....##.....
.... #.....#......
... #..⌠..##.....


You could see an eight-headed hydra.

Vanquished Creatures
  A hydra (Lair:1)
  2 two-headed ogres
  Urug (Lair:3)
  Nergalle (D:12)
  An orc knight (Orc:2)
  An orc sorcerer (Orc:2)
  An ugly thing (D:12)
  A cyclops (D:11)
  6 elephants (Lair:5)
  A manticore (D:12)
  4 black mambas
  2 spiny frogs
  3 komodo dragons
  A polar bear (Lair:4)
  A hornet (D:8)
  A troll (Orc:2)
  7 blink frogs
  A bog body (Lair:3)
  8 hippogriffs
  A basilisk (Lair:1)
  31 yaks
  A steam dragon (D:12)
  4 hungry ghosts
  A warg (Orc:2)
  Menkaure (D:4)
  An acid dragon (D:11)
  A soldier ant (D:12)
  6 porcupines
  14 water moccasins
  An ice beast (D:9)
  33 orc warriors
  2 phantoms (D:8)
  A sky beast (D:8)
  A necrophage (D:11)
  3 black bears
  13 ogres
  14 wolves (Lair:2)
  20 centaurs
  4 crocodiles
  A big kobold (D:12)
  17 bullfrogs
  A wyvern skeleton (D:8)
  12 killer bees (D:9)
  A wight (D:8)
  6 howler monkeys
  A crimson imp (D:12)
  2 centaur zombies
  3 quasits
  A bullfrog zombie (D:9)
  6 hounds
  3 jellies
  A bullfrog skeleton (D:9)
  22 orc priests
  22 orc wizards
  A centaur skeleton (D:11)
  A gnoll shaman (D:8)
  Jessica (D:2)
  4 iguanas
  Natasha (thrice) (D:2)
  9 worker ants
  2 hound skeletons
  3 worker ant zombies
  13 gnolls
  11 adders
  7 shadow imps
  An adder zombie (D:9)
  An adder skeleton (D:4)
  3 worms
  5 leopard geckos
  79 orcs
  5 bats
  7 giant cockroaches
  10 goblins
  7 hobgoblins
  2 jackals (D:7)
  6 quokkas
  3 ball pythons
  5 frilled lizards
  A giant cockroach zombie (D:6)
  A jackal skeleton (D:6)
  8 kobolds
  2 leopard gecko skeletons (D:4)
  A quokka skeleton (D:6)
  7 rats
505 creatures vanquished.

Vanquished Creatures (collateral kills)
  An orc warrior (D:6)
  2 orc wizards (D:6)
  2 orcs (D:6)
5 creatures vanquished.

Vanquished Creatures (others)
  3 orc warriors (Orc:2)
  A centaur (Orc:2)
  3 fungi
  A plant (Lair:2)
8 creatures vanquished.

Grand Total: 518 creatures vanquished

Notes
Turn   | Place    | Note
-------+----------+-------------------------------------------
     0 | D:1      | Amplified the Formicid Earth Elementalist began the quest
                  | for the Orb.
     0 | D:1      | Reached XP level 1. HP: 13/13 MP: 3/3
   102 | D:1      | You fall into a shaft and drop 1 floor!
   145 | D:2      | Noticed Natasha
   187 | D:2      | Reached XP level 2. HP: 17/20 MP: 3/5
   306 | D:1      | Learned a level 2 spell: Passwall
   354 | D:1      | Reached skill level 1 in Shields
   756 | D:2      | Noticed Jessica
   770 | D:2      | Killed Jessica
   770 | D:2      | Reached skill level 1 in Fighting
   770 | D:2      | Reached XP level 3. HP: 26/26 MP: 6/6
   844 | D:2      | Reached XP level 4. HP: 32/32 MP: 7/7
   914 | D:2      | Reached skill level 1 in Polearms
  1228 | D:3      | Found a stormy altar of Qazlal.
  1454 | D:3      | Reached XP level 5. HP: 38/38 MP: 8/8
  1683 | D:3      | Found a glowing golden altar of the Shining One.
  1687 | D:3      | Found a radiant altar of Vehumet.
  1687 | D:3      | Found a hide-covered altar of Uskayaw.
  1687 | D:3      | Found an ancient bone altar of Kikubaaqudgha.
  1690 | D:3      | Found a snail-covered altar of Cheibriados.
  1700 | D:3      | Became a worshipper of Cheibriados the Contemplative
  2023 | D:4      | Reached skill level 1 in Invocations
  2074 | D:4      | Reached * piety under Cheibriados
  2199 | D:4      | Noticed Menkaure
  2229 | D:5      | Entered Level 5 of the Dungeon
  2229 | D:5      | Noticed an ogre
  2247 | D:5      | Killed an ogre
  2247 | D:5      | Reached skill level 1 in Staves
  2247 | D:5      | Reached XP level 6. HP: 35/46 MP: 9/9
  2361 | D:5      | Reached skill level 5 in Earth Magic
  2447 | D:5      | Reached skill level 2 in Invocations
  2447 | D:5      | Reached XP level 7. HP: 46/52 MP: 10/10
  3181 | D:5      | Found a glowing golden altar of the Shining One.
  3315 | D:6      | Reached skill level 3 in Invocations
  3397 | D:6      | Reached XP level 8. HP: 22/60 MP: 11/11
  3595 | D:6      | Learned a level 3 spell: Stone Arrow
  3849 | D:6      | Found Huprasch's Assorted Antiques.
  3853 | D:6      | Bought a scroll labeled LOGHUAX ALAS for 19 gold pieces
  3853 | D:6      | Bought a pearl ring for 95 gold pieces
  3853 | D:6      | Bought 2 sapphire potions for 34 gold pieces
  3880 | D:6      | HP: 2/60 [orc warrior/+0 flail (22)]
  3900 | D:6      | Reached ** piety under Cheibriados
  3929 | D:6      | Reached skill level 4 in Invocations
  4097 | D:6      | Found a white marble altar of Elyvilon.
  4365 | D:4      | HP: 1/61 [Menkaure (11)]
  4368 | D:4      | Killed Menkaure
  4368 | D:4      | Reached skill level 5 in Shields
  4814 | D:2      | Killed Natasha
  4900 | D:2      | Noticed Natasha
  4921 | D:2      | Killed Natasha
  4923 | D:2      | Noticed Natasha
  4935 | D:2      | Killed Natasha
  5144 | D:5      | Learned a level 5 spell: Lee's Rapid Deconstruction
  5194 | D:7      | Noticed a hippogriff
  5270 | D:7      | Killed a hippogriff
  5270 | D:7      | Reached skill level 5 in Fighting
  5270 | D:7      | Reached XP level 9. HP: 44/68 MP: 12/12
  5410 | D:7      | Reached skill level 5 in Invocations
  5584 | D:7      | Noticed a hippogriff
  5619 | D:7      | Found a blossoming altar of Fedhas.
  5669 | D:7      | Killed a hippogriff
  5879 | D:7      | Noticed Joseph
  5938 | D:8      | Noticed a hornet
  5950 | D:8      | Killed a hornet
  5989 | D:8      | Reached *** piety under Cheibriados
  5994 | D:8      | Reached skill level 6 in Invocations
  6326 | D:8      | Reached skill level 5 in Staves
  6550 | D:8      | Reached XP level 10. HP: 76/76 MP: 14/14
  7053 | D:8      | Reached **** piety under Cheibriados
  7053 | D:8      | Reached skill level 7 in Invocations
  7086 | D:8      | Found a stormy altar of Qazlal.
  7360 | D:9      | Found Feemaul's Distillery.
  7384 | D:9      | Bought a potion of heal wounds for 65 gold pieces
  7384 | D:9      | Bought a potion of heal wounds for 65 gold pieces
  7406 | D:9      | Identified the +6 flail of Indomitability {flame, *Noise
                  | Dex+7} (You found it on level 9 of the Dungeon)
  8090 | D:9      | Found Jeh Ecu's Armour Boutique.
  8119 | D:9      | Found Kekhiof's Weapon Emporium.
  8302 | D:9      | Found Siuppomm's Antique Armour Boutique.
  8324 | D:9      | Found Paetse Veyp's Food Shop.
  8339 | D:9      | Reached ***** piety under Cheibriados
  8339 | D:9      | Reached XP level 11. HP: 84/84 MP: 16/16
  8464 | D:9      | Reached skill level 8 in Invocations
  8491 | D:9      | Found Tuqamoirgh's Jewellery Shop.
  8589 | D:9      | Found a staircase to the Lair.
  8718 | D:10     | Entered Level 10 of the Dungeon
  9058 | D:10     | Found a staircase to the Orcish Mines.
  9675 | D:10     | Learned a level 4 spell: Petrify
  9918 | D:11     | Noticed a cyclops
  9931 | D:11     | Killed a cyclops
 10085 | D:11     | Reached skill level 10 in Earth Magic
 10125 | D:11     | Reached skill level 9 in Invocations
 10398 | D:11     | Reached skill level 1 in Armour
 10895 | D:12     | Noticed a green ugly thing
 11002 | D:12     | Reached XP level 12. HP: 76/95 MP: 19/19
 11414 | D:12     | Reached skill level 10 in Invocations
 11431 | D:12     | Reached ****** piety under Cheibriados
 11512 | D:12     | Noticed Nergalle
 11520 | D:12     | Killed Nergalle
 11880 | Lair:1   | Entered Level 1 of the Lair of Beasts
 12127 | Lair:1   | Reached skill level 1 in Charms
 12227 | Lair:1   | Noticed a five-headed hydra
 12237 | Lair:1   | Killed a five-headed hydra
 12237 | Lair:1   | Reached skill level 10 in Fighting
 12423 | Lair:1   | Reached skill level 5 in Armour
 12975 | Lair:2   | Found a shimmering altar of Xom.
 13007 | Lair:2   | Reached XP level 13. HP: 72/103 MP: 21/21
 13701 | Lair:3   | Noticed Urug
 13702 | Lair:3   | Killed Urug
 13702 | Lair:3   | Reached skill level 11 in Invocations
 13810 | Lair:3   | Reached skill level 5 in Charms
 13905 | Lair:3   | Found a staircase to the Swamp.
 14574 | Lair:4   | Found a staircase to the Snake Pit.
 15152 | Orc:1    | Entered Level 1 of the Orcish Mines
 15500 | Orc:2    | Entered Level 2 of the Orcish Mines
 15616 | Orc:2    | Found a roughly hewn altar of Beogh.
 15664 | Orc:2    | Reached skill level 10 in Staves
 15993 | Orc:2    | Found Disiox's Magic Scroll Emporium.
 15993 | Orc:2    | Found Bosypp's Magic Scroll Boutique.
 15995 | Orc:2    | Found Plog's Weapon Shop.
 15997 | Orc:2    | Found Poemeafi's General Store.
 16044 | Orc:2    | Reached skill level 12 in Invocations
 16308 | Orc:2    | Found a staircase to the Elven Halls.
 16694 | Orc:2    | Bought a scroll of enchant weapon for 120 gold pieces
 16822 | D:9      | Bought a +4 ring of slaying for 1170 gold pieces
 16997 | Lair:5   | Reached XP level 14. HP: 52/113 MP: 17/23
 17203 | Lair:5   | HP: 5/113 [eight-headed hydra (3)]
 17203 | Lair:5   | Slain by an eight-headed hydra

Levels and vault maps discovered:
D:1:      evilmike_arrival_hilbert_curve, layout_basic
D:2:      layout_basic, first_ration, minmay_close_crescents, uniq_jessica,
          uniq_natasha
D:3:      layout_loops_ring, minitemple, grunt_qazlal_sundering
D:4:      layout_rooms, uniq_menkaure
D:5:      layout_basic, kennysheep_doodads, tso_altar
D:6:      layout_basic, serial_shops, nicolae_shop_behind_doors,
          elyvilon_altar_1
D:7:      layout_layer_cave, minmay_temple_entry_steel_oval, grunt_ogre_cave,
          fedhas_altar_fruit_tree, uniq_joseph
D:8:      minmay_s_stair_smasher, layout_basic, kennysheep_mini_moat
D:9:      layout_cave_pods, grunt_lair_entry_orc_guard_hut, serial_shops, shop,
          nicolae_shop_trees, shop, nicolae_shop_waterfront, shop,
          minmay_shop_enchanted_jewellery
D:10:     layout_basic, erik_orc_4
D:11:     layout_basic
D:12:     layout_irregular_city, minmay_misc_feat_rugged, uniq_nergalle
Lair:1:   layout_regular_city, chequers_serial_rivers_large_a,
          eino_small_chamber_without_monster, guppyfry_lair_drakes
Lair:2:   layout_hall_layers, basic_altar
Lair:3:   layout_roguey, skrybe_swamp_entry_bodies, lemuel_fruit_fields,
          uniq_urug
Lair:4:   layout_cave_shapes, dummy_snake_entry, serial_forest,
          infiniplex_forest_clump_diagonal, infiniplex_forest_end_3,
          infiniplex_forest_straight_4, infiniplex_forest_lined_room_,
          infiniplex_forest_clump_curved, infiniplex_forest_clump_C,
          infiniplex_forest_clump_small, infiniplex_forest_lined_2
Lair:5:   layout_loops_ring, slime_altar_2, grunt_megastairs_3
Orc:1:    layout_caves
Orc:2:    st_orc_rangers, layout_caves, basic_altar, lightli_orcish_oven

Skill      XL: |  1  2  3  4  5  6  7  8  9 10 11 12 13 |
---------------+----------------------------------------+-----
Shields        | 1 2 3 4 5 6 8 9 |  9.4
Fighting       | 1 2 3 5 6 7 9 10 11 | 11.5
Earth Magic    | 4 5 6 7 9 10 | 10.1
Polearms       | 1 |  1.8
Invocations    | 1 2 3 4 6 7 9 10 12 | 12.2
Staves         | 1 2 3 5 6 7 9 10 | 10.3
Armour         | 2 5 7 |  7.3
Charms         | 4 8 |  8.4
Dodging        | 2 |  2.8
Stealth        | |  2.4
Spellcasting   | |  2.4
Transmutations | |  1.1

Action                   |  1- 3 |  4- 6 |  7- 9 | 10-12 | 13-15 || total
-------------------------+-------+-------+-------+-------+-------++-------
Melee: Unarmed           |    12 |       |       |       |       ||    12
       Spear             |    46 |   235 |   401 |  1224 |       ||  1906
       Lajatang          |       |       |    19 |   215 |   348 ||   582
       Demon trident     |       |       |       |       |     6 ||     6
 Cast: Sandblast         |    21 |     1 |       |       |       ||    22
       Stone Arrow       |       |       |     1 |       |       ||     1
Invok: Bend Time         |       |       |     1 |       |       ||     1
       Slouch            |       |       |       |     3 |     7 ||    10
 Abil: Dig               |       |       |       |    10 |     4 ||    14
Evoke: Wand              |       |     2 |    10 |    11 |     2 ||    25
  Use: Scroll            |     3 |     6 |     9 |    11 |     5 ||    34
       Potion            |     1 |     3 |    11 |     3 |     2 ||    20
 Stab: Sleeping          |       |     3 |     2 |     3 |     7 ||    15
       Distracted        |       |       |     1 |     4 |     2 ||     7
       Confused          |       |       |       |       |     1 ||     1
  Eat: Chunk             |       |     5 |     7 |    11 |     3 ||    26
       Ration            |       |       |       |     2 |     2 ||     4
Armor: Leather armour    |    13 |       |       |    55 |    96 ||   164
       Ring mail         |    17 |    60 |   120 |   200 |       ||   397
       Steam dragon scal |       |       |       |     3 |       ||     3
Dodge: Dodged            |    34 |   111 |   179 |   406 |   148 ||   878
Block: Buckler           |    13 |    27 |    81 |     8 |       ||   129
       Shield            |       |       |       |   841 |   301 ||  1142
